 Dungeon Crawl Stone Soup version 0.13.1-2-gfb2c2b7 (webtiles) character file.

95 Chiseanne the Charlatan (level 4, -2/36 HPs)
             Began as a Centaur Artificer on Dec 10, 2013.
             Was a Believer of Nemelex Xobeh.
             Killed themself with a bounced bolt of lightning (15 damage)
             ... on Level 1 of the Dungeon.
             The game lasted 00:10:56 (2537 turns).

Chiseanne the Charlatan (Centaur Artificer)         Turns: 2537, Time: 00:10:56

HP  -2/36        AC  8     Str 14      XL: 4   Next:  4%
MP  14/14        EV  0     Int 11 (14) God: Nemelex Xobeh [**....]
Gold 25          SH  0     Dex  9      Spells:  0 memorised,  3 levels left

Res.Fire  : . . .   See Invis. : .   o - -2 mace
Res.Cold  : . . .   Warding    : .   g - +0 plate armour
Life Prot.: . . .   Conserve   : .   (no shield)
Res.Poison: .       Res.Corr.  : .   (no helmet)
Res.Elec. : .       Clarity    : .   (no cloak)
Sust.Abil.: . .     Spirit.Shd : .   (no gloves)
Res.Mut.  : .       Stasis     : .   (no barding)
Res.Rott. : .       Flight     : .   (no amulet)
Saprovore : . . .                    (no ring)
                                     j - ring of magical power

@: confused, very quick, slightly resistant to hostile enchantments, extremely
unstealthy
A: hooves 3, deformed body, herbivore 1, speed 2, fast metabolism 1,
regeneration 1, tough skin 3, Int +2
a: Draw One, Peek at Two, Renounce Religion


You were on level 1 of the Dungeon.
You worshipped Nemelex Xobeh.
Nemelex Xobeh was pleased with you.
You were not hungry.

You visited 1 branch of the dungeon, and saw 3 of its levels.

You collected 29 gold pieces.

Inventory:

Hand weapons
 o - a -2,-2 mace (weapon)
Armour
 g - a +0 plate armour (worn)
Magical devices
 b - a wand of flame (15)
 c - a wand of enslavement (15)
 d - a wand of random effects (8)
Comestibles
 i - 2 bread rations
Scrolls
 k - a scroll of identify
Jewellery
 j - a ring of magical power (left hand)
Miscellaneous
 f - a plain deck of wonders {drawn: 12} {god gift}
 h - a plain deck of destruction {drawn: 4} {god gift}


   Skills:
 * Level 1.2 Fighting
   Level 0.8 Short Blades
 * Level 0.2 Armour
 * Level 2.0 Dodging
 - Level 0.5 Stealth
 * Level 4.0 Evocations


You had 3 spell levels left.
You didn't know any spells.

Dungeon Overview and Level Annotations

Branches:
Dungeon (3/27)

Altars:
Nemelex Xobeh

Annotations:
D:2 Sigmund


Innate Abilities, Weirdness & Mutations

You have hooves in place of feet.
Armour fits poorly on your strangely shaped body.
You digest meat inefficiently.
You cover ground very quickly.
You have a fast metabolism.
You have extremely tough skin (AC +3).
Your mind is acute. (Int +2)
Your natural rate of healing is unusually fast.


Message History

The bolt of lightning hits the swamp drake.
The swamp drake is almost dead.
This wand has 9 charges left.
You are engulfed in noxious fumes.
You choke on the stench!
You are more confused.
Evoke which item? (* to show all) (? for menu, Esc to quit)
Zapping:
d - a wand of random effects (9)
Press: ? - help, Shift-Dir - straight line, f/p - swamp drake
Aim: a swamp drake (almost dead, retreating) Nothing appears to happen.
This wand has 8 charges left.
You are engulfed in noxious fumes.
You choke on the stench!
You are more confused.
Evoke which item? (* to show all) (? for menu, Esc to quit)
Zapping:
d - a wand of random effects (8)
Press: ? - help, Shift-Dir - straight line, f/p - swamp drake
Aim: a swamp drake (almost dead, retreating)
You hear a mighty clap of thunder!
The bolt of lightning hits you!
You die...
Your body glows slightly and disappears.

######## .......#
.#####.# ##############
.#####.####.....@......#
.##.......#...###..###.#
.##.##.##.....⌠.⌠..###.#
............>.._...l.#.##
.......#......⌠.⌠.......#
##...###.......##.......#
#....##.##.............#
#....##.####.###.......#
##...##.####..##.......#


You could see a swamp drake (fleeing).

Vanquished Creatures
  A giant gecko (D:2)
  2 oozes (D:2)
  3 orcs (D:1)
  3 ball pythons
  4 bats
  3 giant cockroaches
  8 hobgoblins (D:1)
  8 jackals (D:1)
  5 kobolds
  12 goblins
  9 rats
58 creatures vanquished.

Notes
Turn   | Place    | Note
--------------------------------------------------------------
     0 | D:1      | Chiseanne, the Centaur Artificer, began the quest for the Orb.
     0 | D:1      | Reached XP level 1. HP: 17/17 MP: 1/1
   325 | D:1      | Reached XP level 2. HP: 24/24 MP: 2/2
   434 | D:1      | Reached skill level 3 in Evocations
   584 | D:1      | Found a sparkling altar of Nemelex Xobeh.
   605 | D:1      | Became a worshipper of Nemelex Xobeh
   612 | D:1      | Received a gift from Nemelex Xobeh
  1100 | D:1      | Reached XP level 3. HP: 29/29 MP: 4/4
  1291 | D:1      | Acquired Nemelex Xobeh's first power
  1629 | D:2      | Received a gift from Nemelex Xobeh
  1848 | D:2      | Gained mutation: Your natural rate of healing is unusually fast. [helix card]
  1850 | D:2      | HP: 1/29 [card of wild magic (28)]
  1952 | D:2      | Gained mutation: You are agile. (Dex +2) [potion of mutation]
  1952 | D:2      | Gained mutation: Your mind is acute. (Int +2) [potion of mutation]
  1952 | D:2      | Lost mutation: You are agile. (Dex +2) [potion of mutation]
  2158 | D:2      | Noticed Sigmund
  2161 | D:2      | Acquired Nemelex Xobeh's second power
  2354 | D:1      | Reached XP level 4. HP: 36/36 MP: 5/5
  2479 | D:1      | Reached skill level 4 in Evocations
  2531 | D:1      | Noticed a swamp drake
  2531 | D:1      | a worm changed into a swamp drake
  2537 | D:1      | Killed themself with a bounced bolt of lightning

Action                   |  1- 3 |  4- 6 || total
-------------------------+-------+-------++-------
Melee: Short sword       |    57 |       ||    57
       Mace              |   152 |     3 ||   155
Invok: Draw One          |    11 |       ||    11
Evoke: Deck              |     5 |       ||     5
       Wand              |       |     7 ||     7
  Use: Scroll            |     5 |       ||     5
       Potion            |     1 |       ||     1
